[Event "Festival Groningen-A 2024"]
[Site "Groningen"]
[Date "2024.12.22"]
[Round "2.1"]
[White "Laxman, R.R."]
[Black "Narayanan S L"]
[Result "1/2-1/2"]
[ECO "A04"]
[WhiteElo "2310"]
[BlackElo "2647"]
[Annotator "TA"]
[PlyCount "37"]
[EventDate "2024.12.21"]
[EventType "swiss"]
[EventCountry "NED"]
[SourceTitle "playchess.com"]
[Source "ChessBase"]
[SourceQuality "1"]
[TimeControl "40/5400+30:1800+30"]

1. Nf3 c5 2. b3 d6 3. Bb2 e5 4. d3 Nc6 5. g3 g6 6. Bg2 Bg7 7. c4 Nge7 8. O-O {[%emt 0:00:27] The position is equal.} O-O 9. Nc3 h6 10. e3 Be6 11. Nd2 d5 12. e4 dxc4 13. dxc4 Nd4 14. Nd5 Nec6 15. Nf3 Bg4 16. Qd3 f5 {[%emt 0:16:02] [#] Strongly threatening ...fxe4.} 17. Nxd4 {[%emt 0:01:06] White is slightly better.} Nxd4 18. Bxd4 cxd4 19. f4 {[%emt 0:14:23] Weighted Error Value: White=0.05 (flawless) /Black=0.10 (very precise) .  Inaccurate:     	White=1     	Black=1      OK:         	White=8     	Black=2} 1/2-1/2

[Event "Festival Groningen-A 2024"]
[Site "Groningen"]
[Date "2024.12.22"]
[Round "2.2"]
[White "Beerdsen, Thomas"]
[Black "Manish Anto Cristiano F"]
[Result "1-0"]
[ECO "B67"]
[WhiteElo "2502"]
[BlackElo "2296"]
[Annotator "TA"]
[PlyCount "59"]
[EventDate "2024.12.21"]
[EventType "swiss"]
[EventCountry "NED"]
[SourceTitle "playchess.com"]
[Source "ChessBase"]
[SourceQuality "1"]
[TimeControl "40/5400+30:1800+30"]

1. e4 c5 2. Nf3 d6 3. d4 cxd4 4. Nxd4 Nf6 5. Nc3 Nc6 6. Bg5 e6 7. Qd2 a6 8. O-O-O Bd7 9. Nxc6 Bxc6 10. f3 Be7 11. Kb1 Qa5 12. h4 h6 13. Be3 h5 14. Qf2 Nd7 {[%emt 0:03:12] Against Bb6} 15. Bd4 Rg8 16. f4 (16. Bd3 $16) 16... b5 $11 17. Bd3 b4 18. Ne2 Nc5 19. Qe3 d5 (19... g6 $11 {remains equal.}) 20. exd5 (20. f5 $16) 20... Bxd5 $14 21. b3 (21. c4 $14 bxc3 (21... Bxg2 22. Rhg1 $16) 22. Nxc3 Bxg2 23. Bh7 Bxh1 24. Bxg8) 21... f5 $2 ({Don't play} 21... Bxg2 $6 22. Rhg1 Nxd3 23. Rxg2 $16) (21... g6 $11 {and Black has nothing to worry.}) 22. Bxf5 $1 $18 Kf7 $2 {[%emt 0:05:30] Repels Bg6+} (22... exf5 23. Bxc5 Qxc5 24. Qxc5 Bxc5 25. Rxd5 Be7 26. Rxf5 g6) 23. Bh7 Rh8 {[%emt 0:07:21] [#]} 24. Bg6+ $1 Kg8 25. f5 Rh6 26. Nf4 {[%emt 0:02:05] Threatens to win with Nxd5.} Be4 27. Rd2 (27. Bxh5 $2 Bxc2+ 28. Kxc2 Qxa2+ 29. Bb2 Rc8 $19) 27... exf5 28. Bxf5 ({Less strong is} 28. Bxh5 Rc8 $16) 28... Bxf5 29. Qxe7 Bxc2+ 30. Rxc2 1-0

[Event "Festival Groningen-A 2024"]
[Site "Groningen"]
[Date "2024.12.22"]
[Round "2.3"]
[White "Schoorl, Rob"]
[Black "De Winter, Arthur"]
[Result "0-1"]
[ECO "A09"]
[WhiteElo "2295"]
[BlackElo "2446"]
[Annotator "TA"]
[PlyCount "80"]
[EventDate "2024.12.21"]
[EventType "swiss"]
[EventCountry "NED"]
[SourceTitle "playchess.com"]
[Source "ChessBase"]
[SourceQuality "1"]
[TimeControl "40/5400+30:1800+30"]

1. Nf3 d5 2. c4 e6 3. g3 d4 4. Bg2 c5 5. O-O Nc6 6. d3 Nf6 7. e3 h6 8. exd4 cxd4 9. Re1 Bd6 10. Na3 O-O 11. Nc2 a5 12. a3 e5 13. Rb1 a4 14. Bd2 Re8 15. b4 axb3 16. Rxb3 Nd7 17. Bb4 Bc7 18. Nd2 Ra6 19. Ne4 b6 20. Qh5 Na5 21. Bxa5 bxa5 22. Rb5 Nf8 23. a4 Ne6 24. Na1 Bd7 25. Nb3 Bxb5 (25... Ra7 $5) 26. axb5 (26. cxb5 $14 Ra7 27. Rb1) 26... Ra7 $11 27. c5 a4 28. b6 $2 (28. Nbd2 $1 $15) 28... Bxb6 $19 29. cxb6 Qxb6 30. Nbd2 a3 31. Nc4 Qb4 32. Ra1 a2 33. Qd1 (33. Ned2 $142) 33... Rb8 34. Ned2 $2 {[%emt 0:00:27] [#] Against Qb1} (34. Bf3) 34... Nc5 $1 {[%emt 0:05:20] and ...Nb3 would now be decisive} 35. Qc2 Qa4 36. Qxa4 Rxa4 37. Bd5 Nxd3 38. Nd6 Kf8 39. Rxa2 $2 (39. Bb3 Ra3 40. Bd5) 39... Rxa2 40. Bxa2 Rb2 0-1

[Event "Festival Groningen-A 2024"]
[Site "Groningen"]
[Date "2024.12.22"]
[Round "2.4"]
[White "Ivanov, Dmytry"]
[Black "Stijve, Theo"]
[Result "1/2-1/2"]
[ECO "D00"]
[WhiteElo "2072"]
[BlackElo "2396"]
[Annotator "TA"]
[PlyCount "100"]
[EventDate "2024.12.21"]
[EventType "swiss"]
[EventCountry "NED"]
[SourceTitle "playchess.com"]
[Source "ChessBase"]
[SourceQuality "1"]
[TimeControl "40/5400+30:1800+30"]

1. d4 d5 2. Bg5 g6 3. e3 Bg7 4. Bd3 c5 5. c3 Qb6 6. Qb3 c4 7. Qxb6 axb6 8. Bc2 b5 9. e4 b4 10. cxb4 (10. a3 $11 {keeps the balance.}) 10... Nc6 $17 (10... Bxd4 $6 11. Nc3 $11) 11. Nc3 Nxb4 (11... Nxd4 12. O-O-O Ne6 (12... Nxc2 13. Nxd5 f5 14. Nc7+ Kf7 15. Nxa8 $14) 13. Nxd5 $11) 12. Bb1 Bxd4 13. Bd2 (13. Nge2 $142 Bxc3+ 14. Nxc3) 13... Bg7 $17 14. exd5 Nf6 15. d6 O-O 16. dxe7 Re8 17. Nge2 Rxe7 18. O-O Nfd5 19. Nf4 Nxf4 20. Bxf4 Bxc3 21. bxc3 Nd5 22. Bd2 Ra3 23. Bc1 Ra6 (23... Rxc3 24. Bb2 $15) 24. Rd1 Nxc3 25. Rd8+ Kg7 26. Be3 $2 {[%emt 0:02:18] [#]} (26. Kf1 $15 Re2 27. Be3 (27. Rxc8 Rd6 $17) 27... Rxe3 28. Rxc8) 26... Nxb1 $2 (26... Ne2+ 27. Kf1 Bg4 28. a4 $11) ({Better is} 26... Rxe3 $1 $19 27. fxe3 Be6) 27. Rxc8 $11 Na3 28. Rc1 (28. Bc5 Re2 $16) 28... b5 29. g4 f6 30. h4 h6 31. Kg2 Rd7 32. Rb8 Ra4 33. Bc5 Rc7 $2 (33... Kf7 $11) 34. Bd6 $2 ({White has to play} 34. Bf8+ $18 Kf7 35. Bxh6) 34... Rd7 $11 35. Bc5 Rc7 $2 (35... h5 $11) 36. Bb6 $2 (36. Bf8+ $18 Kh7 37. g5 fxg5 38. hxg5) 36... Rd7 37. Kg3 b4 38. Bc5 b3 (38... Rd3+ $6 39. f3 Kf7 40. Bxb4 $16 (40. Rxb4 Rxb4 41. Bxb4 h5 $11)) 39. axb3 Rd3+ $2 {[%emt 0:00:29][%mdl 8192] [#]} (39... cxb3 $11 {and Black stays safe.} 40. Ra1 (40. Rxb3 Nc4 $11) 40... b2 (40... Rd3+ $2 41. f3 $18) 41. Bf8+ (41. Rxa3 Rxa3+ 42. Bxa3 Rd3+ 43. Kf4 Rxa3 $11) (41. Rxb2 h5 $11) 41... Kf7 42. Rxa3 Rxa3+ 43. Bxa3 Rd3+ 44. f3 Rxa3) 40. Be3 $2 (40. f3 $1 $18 {White threatens Rb7+ and mate.} Rxb3 41. Rc8) 40... Rxb3 $11 41. Rxb3 cxb3 42. Rc7+ Kg8 43. Rb7 Nc4 44. Rxb3 h5 45. Rb8+ Kf7 46. Rb7+ Ke6 47. gxh5 gxh5 48. Bf4 Ra3+ 49. f3 Ne3 50. Bxe3 Rxe3 1/2-1/2

[Event "Festival Groningen-A 2024"]
[Site "Groningen"]
[Date "2024.12.22"]
[Round "2.5"]
[White "Maatman, Nick"]
[Black "Van Roon, Sjoerd"]
[Result "1/2-1/2"]
[ECO "D46"]
[WhiteElo "2375"]
[BlackElo "2285"]
[Annotator "TA"]
[PlyCount "68"]
[EventDate "2024.12.21"]
[EventType "swiss"]
[EventCountry "NED"]
[SourceTitle "playchess.com"]
[Source "ChessBase"]
[SourceQuality "1"]
[TimeControl "40/5400+30:1800+30"]

1. d4 d5 2. c4 c6 3. Nf3 Nf6 4. e3 e6 5. Nbd2 Nbd7 6. Bd3 Bd6 7. O-O O-O 8. e4 dxe4 9. Nxe4 Nxe4 10. Bxe4 f5 11. Bc2 e5 {[%emt 0:00:17] [#]} 12. Bg5 $1 Qe8 13. Nxe5 {[%emt 0:00:55] White is more active.} (13. dxe5 $16 Bb8 14. Re1) 13... Nxe5 $14 14. Re1 {[%emt 0:01:11] Hoping for Bf4.} Be6 {[%emt 0:00:22] White is slightly better.} 15. dxe5 Bb4 16. Bd2 Rd8 17. Bxb4 Rxd1 18. Raxd1 Rf7 {[%emt 0:00:20] Black is weak on the dark squares} 19. Rd6 Rd7 20. c5 f4 21. Bc3 f3 {[%emt 0:14:59] [#]} (21... Re7 $14 {is more appropriate.}) 22. gxf3 (22. g3 $1 $16) 22... Qf7 $11 23. Re3 Re7 $1 24. Bb3 Kf8 (24... Qf5 $5) 25. Bxe6 Rxe6 {[%emt 0:00:04] The position is equal.} 26. Rxe6 Qxe6 $14 {[%emt 0:00:04][%mdl 4096] Endgame. KQ-KRB} 27. Re4 h5 28. a3 Ke7 29. Rb4 Qg6+ 30. Kf1 Qd3+ 31. Kg2 Qg6+ 32. Kf1 Qd3+ 33. Kg2 Qg6+ 34. Kf1 Qd3+ {[%emt 0:09:24] Weighted Error Value: White=0.16 (very precise) /Black=0.08 (flawless) .  Mistake:       	White=2     	Black=1      Inaccurate:     	White=2     	Black=1      OK:         	White=10    	Black=8      Best:        	White=1     	---        Strong:       	---       	Black=1} 1/2-1/2

[Event "Festival Groningen-A 2024"]
[Site "Groningen"]
[Date "2024.12.22"]
[Round "2.6"]
[White "Pham, Khoi"]
[Black "Smeets, Kobe"]
[Result "1/2-1/2"]
[ECO "D12"]
[WhiteElo "2285"]
[BlackElo "2349"]
[Annotator "TA"]
[PlyCount "120"]
[EventDate "2024.12.21"]
[EventType "swiss"]
[EventCountry "NED"]
[SourceTitle "playchess.com"]
[Source "ChessBase"]
[SourceQuality "1"]
[TimeControl "40/5400+30:1800+30"]

1. d4 d5 2. c4 c6 3. Nf3 Nf6 4. e3 Bf5 5. Nc3 e6 6. Nh4 Be4 7. f3 Bg6 8. Bd2 dxc4 9. Bxc4 b5 (9... a6 $11) 10. Nxg6 hxg6 11. Bd3 Nbd7 12. Qc2 a6 13. O-O-O (13. a4 $14) 13... c5 $11 14. g4 (14. dxc5 $11 Bxc5 15. Kb1) 14... cxd4 $17 15. exd4 b4 16. Na4 $1 Rc8 17. Bc4 $1 Nd5 $36 {[%emt 0:12:49][%mdl 2048] Black has some pressure.} 18. Kb1 N7b6 (18... N5b6 {simplifies} 19. Nxb6 Nxb6 20. b3 Be7) 19. Nc5 Bxc5 20. Bxa6 (20. Bxd5 $17 Qxd5 (20... Bxd4 $2 21. Bc6+ Kf8 22. Bf4 $18) 21. dxc5 Rxc5 (21... Qxf3 22. Bxb4 Qxg4 23. Rhe1 $19) 22. Qe4) 20... Bd6 $19 (20... Bxd4 21. Bxc8 Qxc8 22. Qxc8+ Nxc8 23. Bxb4 $17) 21. Bxc8 Qxc8 22. Qd3 $2 (22. Qxc8+ {was called for.} Nxc8 23. Rc1) 22... Qc4 (22... Bxh2 23. Qe2 $16) (22... Rxh2 23. Rxh2 Bxh2 24. Rh1 $15) 23. Qxc4 Nxc4 {[%emt 0:00:10] Excellent horsemanship.} 24. h4 Kd7 25. Bc1 Be7 26. h5 gxh5 27. Rxh5 Rxh5 28. gxh5 Bf6 29. Rd3 Kc6 30. a3 Kb5 31. h6 gxh6 $1 32. Bxh6 Nd6 33. Bf8 Kc4 34. Rd1 Nb5 35. Bxb4 Nxb4 (35... Nxd4 36. Rc1+ Kb3 37. Rc8) 36. axb4 Bxd4 (36... Nxd4 37. Rc1+ Kxb4 38. Rc7 $17) 37. Rc1+ $2 (37. Kc2 {is more resistant.}) 37... Kd3 38. Rc8 f5 39. Rb8 {[%emt 0:01:20] [#]} Nc7 $2 (39... Nd6 $1 $19 40. Rd8 Nb5) 40. b5 $17 Nd5 41. Rd8 {[%emt 0:05:35] [#]} Nb6 ({Better is} 41... Kc4 $1 $17 42. Rd6 Kb3 (42... Kxb5 43. Rxe6 Kc4 44. Re8 $17) (42... e5 43. Kc1 $17)) 42. f4 $1 $15 Ke4 43. Rd6 e5 44. fxe5 Kxe5 45. Rd8 f4 46. Re8+ Kd5 47. Kc2 $1 Nc4 {[%emt 0:01:08][%cal Of4f3] Threatens to win with ...f3!.} 48. Rf8 $1 Be3 49. b6 Nxb6 50. Kd3 Nd7 51. Rd8 Kd6 {[%emt 0:01:36] Threatening ...Bb6.} 52. Ke4 Ke7 53. Ra8 Nc5+ 54. Kf3 Ne6 55. Ra5 Kf6 56. b4 Bd2 57. Kg4 Nd4 (57... Bxb4 $5 58. Rf5+ $8 Kg7 $11) 58. Ra8 Ke5 59. Re8+ Kd5 60. Rd8+ Kc4 1/2-1/2

[Event "Festival Groningen-A 2024"]
[Site "Groningen"]
[Date "2024.12.22"]
[Round "2.7"]
[White "Kollen, Zyon"]
[Black "Albers, Sasa"]
[Result "0-1"]
[ECO "B12"]
[WhiteElo "2344"]
[BlackElo "2268"]
[Annotator "TA"]
[PlyCount "88"]
[EventDate "2024.12.21"]
[EventType "swiss"]
[EventCountry "NED"]
[SourceTitle "playchess.com"]
[Source "ChessBase"]
[SourceQuality "1"]
[TimeControl "40/5400+30:1800+30"]

1. e4 c6 2. d4 d5 3. e5 Bf5 4. Nf3 e6 5. Be2 c5 6. O-O Nc6 7. c3 a6 8. b3 cxd4 9. Nxd4 Nge7 10. Nxf5 Nxf5 11. Bd3 g6 12. Re1 Bc5 13. Nd2 Rc8 14. Nf3 (14. b4 {simplifies} Be7 15. a3 O-O 16. Nf3) 14... Nh4 15. g3 (15. Nxh4 Qxh4 16. g3 Qh3 17. Qf3) 15... Nxf3+ 16. Qxf3 Qc7 (16... O-O $11) 17. Bf4 (17. Qf6 {is more complex.} Rg8 18. Bh6 Be7 19. Qf4) 17... Bf8 18. h4 Bg7 19. Qe3 h6 20. Rac1 Qa5 21. a4 g5 22. hxg5 hxg5 23. Bxg5 Nxe5 24. Be2 (24. Bf1 $14) 24... Qc5 25. Qd2 (25. Qxc5 $14 Rxc5 26. Be3) 25... Qc6 $1 $15 26. f3 $1 Qb6+ 27. Be3 $132 {[%emt 0:01:12][%mdl 2048] White has counterplay} Qxb3 28. Bd4 $1 Rg8 $1 (28... Qxa4 $2 29. Bd1 (29. f4 Nc4 $14) 29... Qa3 30. Bxe5 Bxe5 31. Rxe5 $18) 29. Kg2 Ng6 (29... Qxa4 $2 30. Bd1 Qc4 31. Rxe5 (31. Bxe5 Bxe5 32. Rxe5 Qh4 $18) 31... Bxe5 32. Bxe5 $18) (29... Qa3 $5) 30. Rb1 Qxa4 {[%emt 0:00:09] ...Bxd4 would now be deadly.} 31. Rxb7 Bxd4 32. cxd4 Nh4+ 33. Kf1 Nf5 (33... Rxg3 $2 34. Qh6 Ng6 (34... Nxf3 35. Qh8+) (34... Qxd4 35. Bb5+ axb5 36. Rxe6+ fxe6 37. Qxe6+ Kf8 38. Qxc8#) 35. Qg7 $18) 34. Rc1 $1 Nxg3+ (34... Qxd4 35. Rxc8#) (34... Rd8 $1 $15 35. g4 Qxd4 (35... Nxd4 $2 36. Qf4 $18) 36. Qxd4 Nxd4) 35. Ke1 $1 $11 Rxc1+ 36. Qxc1 Qa5+ (36... Qxd4 37. Qc8#) 37. Kd1 {[%emt 0:01:21] Threatens to win with Qc6+.} Qa4+ $1 38. Ke1 Qa5+ (38... Qxd4 39. Qc8#) 39. Kf2 {[%emt 0:00:18] White wants to mate with Qc6+.} Qd8 $1 ({Wrong is} 39... Nxe2 $2 40. Qc6+ Kf8 41. Qd6+ (41. Qd7 Rg2+ 42. Kxg2 Nf4+ 43. Kg3 Qe1+ 44. Kxf4 Qh4+ 45. Ke5 Qg3+ 46. f4 Qe3+ 47. Kd6 Qxf4+ 48. Kc5 Qc1+ 49. Kb6 Qf4 $18) 41... Kg7 42. Qe7 $18 (42. Qxe6 Rf8 $11)) 40. Qb1 $2 {[%emt 0:01:13][%mdl 8192] [#] Prevents Ne4+} (40. Qc6+ $11 Kf8 41. Qc5+ Kg7 (41... Ke8 42. Bb5+ axb5 43. Qxb5+ Kf8 44. Rb8 $18) 42. Kxg3) 40... Ne4+ $2 (40... Qh4 $1 $19 {[%mdl 512] ( -> ...Nf5+)} 41. Rb8+ (41. Ke3 Nf5+) 41... Ke7 42. Rxg8 Qh2+ (42... Qxd4+ $2 {too greedy.} 43. Kxg3 Qe5+ 44. f4 $18) 43. Ke3 Qxe2+ 44. Kf4 Nf5 (44... Nh5+ $2 45. Kg5 $19)) 41. Ke3 $2 (41. fxe4 $11 Qh4+ 42. Ke3 Rg3+ 43. Bf3) 41... Qg5+ 42. f4 Qg3+ 43. Bf3 Qf2+ 44. Kd3 Qd2# 0-1

[Event "Festival Groningen-A 2024"]
[Site "Groningen"]
[Date "2024.12.22"]
[Round "2.8"]
[White "Schilstra, Laurens"]
[Black "Labruyere, Roger"]
[Result "0-1"]
[ECO "B66"]
[WhiteElo "2150"]
[BlackElo "2344"]
[Annotator "TA"]
[PlyCount "84"]
[EventDate "2024.12.21"]
[EventType "swiss"]
[EventCountry "NED"]
[SourceTitle "playchess.com"]
[Source "ChessBase"]
[SourceQuality "1"]
[TimeControl "40/5400+30:1800+30"]

1. e4 c5 2. Nf3 d6 3. d4 cxd4 4. Nxd4 Nf6 5. Nc3 a6 6. Bg5 e6 7. f4 h6 8. Bxf6 Qxf6 9. Qd2 Nc6 10. Nxc6 bxc6 {[%emt 0:00:32] Black is weak on the light squares} 11. O-O-O Qd8 12. Bc4 Be7 13. Kb1 O-O 14. Bb3 Qc7 (14... d5 $11) 15. Rhf1 (15. h4 $14) 15... c5 16. Bc4 Rb8 17. b3 Bf6 18. g4 Qb7 $2 ({Black should play} 18... Bd4 $14) 19. Na4 $2 (19. e5 $18 dxe5 20. g5 hxg5 (20... Rd8 $2 21. Qxd8+ Bxd8 22. Rxd8+ Kh7 23. Bd3+ g6 24. Ne4 $18) 21. fxg5) 19... Bd4 20. c3 Bf6 21. Qxd6 Rd8 $1 22. Qxd8+ (22. Qxc5 Qxe4+ 23. Ka1 Rxd1+ 24. Rxd1 Qxf4 $19) 22... Bxd8 23. Rxd8+ Kh7 24. e5 (24. Nxc5 $2 Qc7 25. Rfd1 Qxc5 $19) 24... g6 25. Kb2 (25. Nxc5 $2 Qc7 26. Rfd1 Qxc5 $19) 25... a5 {[%emt 0:11:28][%mdl 1024] Black has compensation.} (25... Bd7 $5 26. Rxb8 (26. Nxc5 $2 Qg2+ 27. Ka3 Rxd8 $19) 26... Qxb8 27. Nxc5 Bb5 $19) 26. Ka3 (26. Nxc5 $2 Qc7 27. Rd4 Qxc5 $19) 26... Qc7 27. Rfd1 Kg7 (27... g5 $1 $11) 28. R1d6 (28. h4 $1 $16) 28... g5 $11 {[%emt 0:03:24] [#]} 29. f5 $2 exf5 $19 30. Re8 {[%emt 0:01:49] [#] Black must now prevent Rdd8.} Be6 $1 $36 {[%emt 0:01:09][%mdl 2048] Black is pushing. Dancing on a razor blade.} (30... fxg4 31. Rdd8 Kg6 32. Rf8 $14) 31. Bxe6 $2 (31. Rxb8 $15 Qxb8 32. Bxe6 fxe6 33. Nxc5 fxg4 34. Nxe6+ Kh7 35. Nc5) 31... Rxe8 32. Rd7 Qxe5 33. Rxf7+ Kh8 34. gxf5 Qe3 {[%emt 0:00:56] and ...Qc1+ would now be decisive} 35. Rf6 Qc1+ 36. Nb2 Qxc3 37. Rxh6+ Kg7 38. Rg6+ Kh7 39. Nc4 {[%emt 0:00:53] [#]} a4 $1 40. Nb6 (40. Bg8+ Rxg8) 40... Qb4+ (40... axb3 $142 41. Na4 Qb4+ (41... Ra8 42. Bg8+ Kh8 43. Rh6+ Kxg8 44. Rg6+ Kh7 45. Rg7+ Kxg7 46. f6+ Kh8 47. axb3 Qa1#) 42. Kb2 Qd2+ (42... Qxa4 43. axb3 Qd4+ 44. Kc2 Rd8 45. Bg8+ Kh8 46. Bd5 Qxd5 47. Rh6+ Kg8 48. Rg6+ Kh7 49. Rg7+ Kxg7 50. Kb2 Qd2+ 51. Kb1 Qe1+ 52. Kb2 Rd2+ 53. Kc3 Qc1#) 43. Kxb3 Rb8+ (43... Qxh2 $2 44. Nxc5 Rb8+ 45. Kc3 $19) 44. Nb6 Rxb6+ 45. Kc4 Qd4#) 41. Kb2 a3+ (41... Qxb6 42. Bg8+ (42. Rxg5 $2 Qd8 $19) 42... Rxg8 43. Rxb6 $16) 42. Kc2 Qe4+ ({Not} 42... Qxb6 43. Bg8+ (43. Rxg5 $2 {is the wrong capture.} Qb4 $19) 43... Rxg8 44. Rxb6 $11) 0-1

[Event "Festival Groningen-A 2024"]
[Site "Groningen"]
[Date "2024.12.22"]
[Round "2.9"]
[White "Dolzhykova, Kateryna"]
[Black "Weber, Samuel"]
[Result "1/2-1/2"]
[ECO "D85"]
[WhiteElo "2322"]
[BlackElo "2263"]
[Annotator "RC"]
[PlyCount "50"]
[EventDate "2024.12.21"]
[EventType "swiss"]
[EventCountry "NED"]
[SourceTitle "playchess.com"]
[Source "ChessBase"]
[SourceQuality "1"]
[TimeControl "40/5400+30:1800+30"]

1. d4 Nf6 2. c4 g6 3. Nc3 d5 4. cxd5 Nxd5 5. e4 Nxc3 6. bxc3 Bg7 7. h4 c5 8. Bc4 cxd4 9. cxd4 Bxd4 10. Bh6 Bxa1 11. Qxa1 Rg8 12. Nf3 Nc6 13. O-O Be6 14. Bxe6 fxe6 15. Rd1 Qa5 16. Ng5 Nd8 17. Nxh7 Qb4 18. Bf8 Nf7 19. Bxe7 Kxe7 20. Qf6+ Ke8 21. Qxe6+ Qe7 22. Nf6+ Kf8 23. Nh7+ Ke8 24. Nf6+ Kf8 25. Nh7+ Ke8 1/2-1/2

[Event "Festival Groningen-A 2024"]
[Site "Groningen"]
[Date "2024.12.22"]
[Round "2.10"]
[White "Ten Dam, Bram"]
[Black "Elgersma, Onno"]
[Result "0-1"]
[ECO "C02"]
[WhiteElo "2002"]
[BlackElo "2322"]
[Annotator "RC"]
[PlyCount "50"]
[EventDate "2024.12.21"]
[EventType "swiss"]
[EventCountry "NED"]
[SourceTitle "playchess.com"]
[Source "ChessBase"]
[SourceQuality "1"]
[TimeControl "40/5400+30:1800+30"]

1. e4 e6 2. d4 d5 3. e5 c5 4. c3 Qa5 5. dxc5 Qc7 6. Nf3 Bxc5 7. Bd3 Ne7 8. O-O Ng6 9. Re1 O-O 10. h4 Nc6 11. Qe2 f6 12. exf6 Rxf6 13. Bxg6 Rxg6 14. Be3 Bxe3 15. Qxe3 Bd7 16. Nbd2 Rf8 17. Rad1 Rf4 18. h5 Rh6 19. g3 Rf5 20. Nb3 Rfxh5 21. Kg2 e5 22. Rxd5 Bh3+ 23. Kg1 Be6 24. Rd2 Qc8 25. Kg2 Bxb3 0-1

[Event "Festival Groningen-A 2024"]
[Site "Groningen"]
[Date "2024.12.22"]
[Round "2.11"]
[White "Kazakouski, Valery"]
[Black "Groenewoud, Joel"]
[Result "1-0"]
[ECO "E90"]
[WhiteElo "2567"]
[BlackElo "2058"]
[Annotator "TA"]
[PlyCount "99"]
[EventDate "2024.12.21"]
[EventType "swiss"]
[EventCountry "NED"]
[SourceTitle "playchess.com"]
[Source "ChessBase"]
[SourceQuality "1"]
[TimeControl "40/5400+30:1800+30"]

1. d4 Nf6 2. c4 g6 3. Nc3 Bg7 4. e4 d6 5. Nf3 O-O 6. Be2 e5 7. d5 a5 8. h3 Na6 9. Bg5 Qe8 10. g4 Nc5 11. Nd2 Bd7 12. Be3 Qd8 13. h4 c6 {[%emt 0:04:54] White is better.} 14. Rg1 (14. h5 $16) 14... Rb8 15. g5 Ne8 16. Nb3 b6 17. h5 Nc7 18. a4 N7a6 19. Rg3 Nb4 20. Nxc5 bxc5 21. Rb1 Qe7 22. Kd2 $1 Rb7 23. b3 Rfb8 24. hxg6 fxg6 25. Bg4 Bxg4 26. Rxg4 Qf7 27. Rg1 Bh8 28. Qg4 Qe7 29. Rgd1 Bg7 30. Ke2 cxd5 31. exd5 Nc2 32. Nb5 (32. Qe6+ $11 Qxe6 33. dxe6 Nd4+ 34. Bxd4 exd4 35. Nd5) 32... Nd4+ $17 33. Kd3 ({Of course not} 33. Bxd4 exd4+ 34. Kd3 Rf8 $17) 33... Nf5 (33... Qf8 $17) 34. Bd2 $11 Re8 35. Re1 {[%emt 0:02:08] Active counter play!} Qd8 36. Re4 Rf8 37. Rh1 Rff7 38. Qh3 Bf8 39. f4 exf4 (39... Nd4 $11) 40. Bxf4 Rfe7 41. Rhe1 $36 {[%emt 0:05:31][%mdl 2048] White is really pushing.} Rxe4 42. Rxe4 Rf7 43. Qg4 Ng7 44. Bd2 Rf5 (44... Be7 $16 45. Re2 Rf5) 45. Qe2 (45. Kc2 $18) 45... Kf7 $2 {[%emt 0:08:40] [#] This move loses the game for Black.} (45... Rxg5 $1 $14 46. Bxg5 Qxg5) 46. Kc2 $18 Qd7 (46... Rxg5 $142 47. Bxg5 Qxg5) 47. Bxa5 Rxg5 48. Bd2 Rg3 (48... Rf5 49. a5 Kg8) 49. a5 Qb7 (49... Nf5 $142 50. a6 Qc8) 50. Bf4 {[%emt 0:01:29] Weighted Error Value: White=0.12 (very precise) /Black=0.29 (precise) .  Loses game:     	---       	Black=1      Mistake:       	White=3     	Black=6      Inaccurate:     	White=2     	Black=3      OK:         	White=16    	Black=7      Best:        	White=2     	Black=2      Strong:       	White=1     	---} 1-0

[Event "Festival Groningen-A 2024"]
[Site "Groningen"]
[Date "2024.12.22"]
[Round "2.12"]
[White "Vijayakumar, Rishi"]
[Black "Schoppen, Casper"]
[Result "0-1"]
[ECO "E71"]
[WhiteElo "2204"]
[BlackElo "2539"]
[Annotator "TA"]
[PlyCount "94"]
[EventDate "2024.12.21"]
[EventType "swiss"]
[EventCountry "NED"]
[SourceTitle "playchess.com"]
[Source "ChessBase"]
[SourceQuality "1"]
[TimeControl "40/5400+30:1800+30"]

1. d4 Nf6 2. c4 g6 3. Nc3 Bg7 4. e4 d6 5. h3 e5 6. d5 a5 7. Be3 Na6 8. Nf3 Bd7 9. g4 Nc5 10. Nd2 h5 11. g5 Nh7 12. Rg1 O-O 13. h4 (13. Qe2 $14) 13... Kh8 (13... f6 $1 $11) 14. Be2 $16 Be8 15. Qc2 a4 16. Nf1 f6 17. O-O-O (17. Nh2 $14) 17... fxg5 $11 18. hxg5 a3 (18... Rf4 $5) 19. b3 (19. b4 $5 Na4 20. Nb5 $16) 19... Rf4 $1 20. Qd2 (20. Nd2 $11) 20... Nxg5 $17 {[%emt 0:02:50] Black is more active.} (20... Nxe4 $6 21. Nxe4 Rxe4 22. f3 $11) 21. Ng3 (21. Qc2 $17) 21... Qf6 (21... Ngxe4 22. Ngxe4 Nxe4 23. Nxe4 Rxe4 24. Bd3 Rxe3 25. fxe3 $11) 22. Rg2 {[%emt 0:03:10] [#]} (22. Kc2 $17 {is a better defense.}) 22... h4 $1 $19 23. Rh1 {[%emt 0:04:32] [#]} (23. Rh2 Kg8) 23... Kg8 $1 24. Rxh4 Rxh4 25. Bxg5 {[%emt 0:00:32] [#]} Qxg5 $3 26. Qxg5 Bh6 27. Qxh6 Rxh6 28. Kc2 Na6 29. Bg4 Nb4+ 30. Kd2 Kf7 31. Nge2 Ke7 32. f4 exf4 33. Nxf4 Bf7 34. Ke3 Rah8 35. Be2 c6 36. Nb1 $2 (36. Kd2) 36... Rh1 37. Nc3 Rc1 38. Nd1 Nxa2 39. Kd2 Rb1 (39... Nb4 $142 40. Kxc1 a2 41. dxc6 a1=Q+ (41... a1=B 42. cxb7 Rb8 43. Nxg6+ Bxg6 44. Rxg6 $18) 42. Kd2 bxc6 (42... Nxc6 $2 43. c5 $19)) 40. Kc2 Ra1 41. Nd3 {[%emt 0:31:12] Prevents Nb4+} cxd5 42. exd5 {[%emt 0:00:28] [#]} g5 $1 43. Kd2 Bg6 44. Nf4 gxf4 45. Rxg6 Rh2 {[%emt 0:00:00] And now ...f3 would win.} 46. Re6+ Kd7 {[%emt 0:00:00] ( -> ...f3)} 47. Rf6 {[%emt 0:00:00] [#]} Rxd1+ $1 0-1